 Dungeon Crawl Stone Soup version 0.28.0-53-g5a82cb258f (webtiles) character file.

Game seed: 6263717539846939207

153 Zeld the Conjurer (level 5, -5/28 HPs)
             Began as a Deep Elf Conjurer on May 24, 2022.
             Slain by a scorpion (8 damage)
             ... on level 4 of the Dungeon.
             The game lasted 00:06:16 (3707 turns).

Zeld the Conjurer (Deep Elf Conjurer)               Turns: 3707, Time: 00:06:16

Health: -5/28      AC:  2    Str:  4    XL:     5   Next: 12%
Magic:  0/14       EV: 12    Int: 25    God:
Gold:   71         SH:  0    Dex: 13    Spells: 2/13 levels left

rFire   . . .      SeeInvis .   (no weapon)
rCold   . . .      Faith    .   (no shield)
rNeg    . . .      Spirit   .   a - +0 robe
rPois   .          Reflect  .   (no helmet)
rElec   .          Harm     .   (no cloak)
rCorr   .          Rampage  .   (no gloves)
Will    +....                   (no boots)
Stlth   ++........              (no amulet)
HPRegen 0.09/turn               b - ring of willpower
MPRegen 0.14/turn               f - ring of flight

@: lethally poisoned (-5 -> -7), attractive, flying, very slightly contaminated
A: no striking features
a: no special abilities


You were on level 4 of the Dungeon.
You visited 1 branch of the dungeon, and saw 4 of its levels.

You collected 71 gold pieces.

Inventory:

Armour
 a - a +0 robe (worn)
Jewellery
 b - a ring of willpower (left hand)
   (You found it on level 1 of the Dungeon)
 f - a ring of flight (right hand)
   (You found it on level 2 of the Dungeon)
Wands
 d - a wand of iceblast (10)
   (You found it on level 2 of the Dungeon)
Scrolls
 c - 3 scrolls of identify {unknown}
 g - a scroll of amnesia {unknown}
 h - a scroll of magic mapping {unknown}
 j - a scroll of enchant weapon {unknown}
 l - a scroll of vulnerability {unknown}
 m - a scroll of fear {unknown}
Potions
 e - a potion of attraction {!q}
 i - a potion of magic {unknown}
 k - a potion of berserk rage {unknown}
 n - a potion of lignification {unknown}


   Skills:
 - Level 2.4 Dodging
 - Level 2.4 Stealth
 + Level 4.9 Spellcasting
 + Level 5.4 Conjurations
 - Level 2.0 Hexes
 - Level 2.0 Translocations


You had 2 spell levels left.
You knew the following spells:

 Your Spells              Type           Power      Damage    Failure   Level
a - Magic Dart            Conj           100%       1d8       1%          1
b - Searing Ray           Conj           66%        2d6       1%          2
c - Fulminant Prism       Conj/Hex       12%        3d9       19%         4
d - Iskenderun's Mystic   Conj/Tloc      24%        2d7       19%         4

Your spell library contained the following spells:

 Spells                   Type           Power      Damage    Failure   Level
 Shock                    Conj/Air       76%        1d7       2%          1
 Dazzling Flash           Conj/Hex       48%        N/A       5%          3


Dungeon Overview and Level Annotations

Branches:
Dungeon (4/15)
 Temple: D:4-7

Altars:

Shops:
D:1 !


Message History

Aim: a goblin, wielding a +0 dagger (wandering, hasn't noticed you, 76% to hit)
The searing ray hits the goblin.
You kill the goblin! (Press . to maintain the ray.)
You hear an angry hiss.
An adder comes into view.
Restarting spell: Searing Ray (safe; 1% risk of failure)
Aim: an adder (68% to hit)
The searing ray misses the adder. (Press . to maintain the ray.)
A bullfrog skeleton comes into view.
The adder bites you. x2
The searing ray hits the adder!
The adder bites you but does no damage.
Unknown command.
Aim: an adder (heavily wounded, 68% to hit)
The searing ray misses the adder. (Press . to maintain the ray.)
The adder barely misses you. The adder misses you.
Unknown command.
The searing ray hits the adder!
You kill the adder!
The searing ray hits the scorpion.
Unknown command.
The searing ray misses the scorpion.
The scorpion stings you!
* * * LOW HITPOINT WARNING * * *
You are poisoned.
The scorpion poisons you!
The searing ray hits the scorpion.
You finish channelling your searing ray.
* * * LOW HITPOINT WARNING * * *
You feel very sick. The scorpion completely misses you.
The scorpion closely misses you.
The spell is extremely dangerous to miscast (19% risk of failure)!
Continue anyway?
You miscast Iskenderun's Mystic Blast.
You are very lightly contaminated with residual magic.
Nothing appears to happen.
* * * LOW HITPOINT WARNING * * *
You feel sick. The scorpion barely misses you.
Unknown command.
Aim: a scorpion (moderately wounded, 100% to hit)
The magic dart hits the scorpion.
* * * LOW HITPOINT WARNING * * *
You feel sick. The scorpion misses you.
* * * LOW HITPOINT WARNING * * *
You feel sick.
It was a potion of attraction.
You feel attractive to monsters.
* * * LOW HITPOINT WARNING * * *
You feel sick. The scorpion stings you!
You die...

...Z... ...K...
....... .......
....... .......
########.......
#<..@s.........
########......Z
....... .)#####
... .... .....
......


You could see a scorpion.

Vanquished Creatures
  A hound (D:3)
  3 adders
  3 worms
  5 dart slugs
  6 ball pythons
  7 bats
  8 endoplasms
  3 giant cockroaches
  5 hobgoblins
  4 jackals (D:3)
  3 quokkas
  5 frilled lizards (D:1)
  10 goblins
  5 kobolds
  4 rats
72 creatures vanquished.

Notes
Turn   | Place    | Note
-------+----------+-------------------------------------------
     0 | D:1      | Zeld the Deep Elf Conjurer began the quest for the Orb.
     0 | D:1      | Reached XP level 1. HP: 10/10 MP: 6/6
    84 | D:1      | Reached skill level 1 in Hexes
   262 | D:1      | Reached XP level 2. HP: 15/15 MP: 6/8
   284 | D:1      | Learned a level 2 spell: Searing Ray
   344 | D:1      | Found Ocoseso's Distillery.
   436 | D:1      | Reached skill level 1 in Translocations
   879 | D:1      | Reached XP level 3. HP: 14/19 MP: 4/9
  1066 | D:1      | Found a faded altar of an unknown god.
  1074 | D:1      | Got Plato's Incunabulum of the Birds
  2355 | D:2      | Reached XP level 4. HP: 24/24 MP: 8/12
  2360 | D:2      | Learned a level 4 spell: Fulminant Prism
  2365 | D:2      | Learned a level 4 spell: Iskenderun's Mystic Blast
  2626 | D:3      | Reached skill level 5 in Conjurations
  3317 | D:3      | Reached XP level 5. HP: 28/28 MP: 9/14
  3707 | D:4      | Slain by a scorpion

Illustrated notes

Levels and vault maps discovered:
D:1:      amcnicky_arrival_single_pillar, layout_loops_corners,
          shapermc_ecumenical_altar_rom_forum, serial_shops, shop
D:2:      layout_loops_ring
D:3:      layout_basic, chequers_serial_rivers_micro_c
D:4:      layout_basic, minmay_temple_entry_statues_fountains,
          ebering_ghost_sewer_f, chequers_serial_rivers_micro_d,
          uniq_blork_the_orc

Skill      XL: |  1  2  3  4 |
---------------+-------------+-----
Hexes          | 1 2 |  2.0
Translocations | 1 2 |  2.0
Spellcasting   | 4 |  4.9
Conjurations   | 5 |  5.4
Dodging        | |  2.4
Stealth        | |  2.4

Action                   |  1- 3 |  4- 6 || total
-------------------------+-------+-------++-------
 Cast: Magic Dart        |    84 |     7 ||    91
       Searing Ray       |     4 |    19 ||    23
  Use: Potion            |       |     1 ||     1
Armor: Robe              |       |     5 ||     5
Dodge: Dodged            |     2 |    10 ||    12
